 Dungeon Crawl Stone Soup version 0.14.1-1-g650416f (webtiles) character file.

825 Indrah22 the Skirmisher (level 7, 0/60 HPs)
             Began as a Minotaur Enchanter on May 11, 2014.
             Slain by a fire drake (4 damage)
             ... on Level 5 of the Dungeon.
             The game lasted 00:35:00 (6160 turns).

Indrah22 the Skirmisher (Minotaur Enchanter)        Turns: 6160, Time: 00:35:00

HP   0/60        AC  4     Str 12      XL: 7   Next:  8%
MP   2/8         EV 13     Int 14      God:
Gold 272         SH  0     Dex 11      Spells:  4 memorised,  3 levels left

rFire  . . .     SeeInvis .     e - +0,+2 falchion
rCold  . . .     Clarity  .     b - +1 robe
rNeg   . . .     Conserve .     (no shield)
rPois  .         rCorr    .     (helmet restricted)
rElec  .         rRot     .     (no cloak)
SustAb . .       Spirit   .     (no gloves)
rMut   .         Warding  .     H - +0 pair of boots
Saprov . . .     Stasis   .     (no amulet)
MR     .....                    (no ring)
                                (no ring)

@: very slightly contaminated, not resistant to hostile enchantments, fairly
stealthy
A: retaliatory headbutt, horns 2
a: no special abilities


You were on level 5 of the Dungeon.
You were near starving.

You visited 1 branch of the dungeon, and saw 5 of its levels.
You also visited: Sewer.

You collected 272 gold pieces.

Inventory:

Hand weapons
 a - a +1,+1 dagger
 e - a +0,+2 falchion (weapon)
 q - a +2,+2 sling
 A - a +0,+0 cutlass
Missiles
 d - 14 darts
 i - 12 darts of flame (quivered)
 j - 16 silver darts
 v - 19 steel darts
 x - 5 bolts of frost
 y - 38 bolts
 G - 3 curare-tipped needles
Armour
 b - a +1 robe (worn)
 H - a +0 pair of boots (worn)
Magical devices
 h - a wand of polymorph (8)
Comestibles
 f - 4 bread rations
 p - 2 pears
Scrolls
 g - 6 scrolls of remove curse
 n - a scroll of immolation
 r - a scroll of magic mapping
 t - 2 scrolls of fog
 u - 2 scrolls of recharging
 w - a scroll of random uselessness {unknown}
Jewellery
 k - an uncursed ring of fire
Potions
 o - 2 potions of restore abilities
 s - 2 potions of brilliance
Books
 c - a book of Maledictions

   Spells                             Type                      Level
   *Corona                            Hexes                        1
   *Sure Blade                        Hexes/Charms                 2
   *Ensorcelled Hibernation           Hexes/Ice                    2
   Confuse                            Hexes                        3
   Enslavement                        Hexes                        4
   Invisibility                       Hexes                        6
 C - a book of Debilitation

   Spells                             Type                      Level
   *Corona                            Hexes                        1
   *Slow                              Hexes                        2
   Inner Flame                        Hexes/Fire                   3
   Enslavement                        Hexes                        4
   Cause Fear                         Hexes                        4
   Leda's Liquefaction                Hexes/Earth                  4


   Skills:
 * Level 4.3 Fighting
 - Level 2.4 Short Blades
 * Level 2.8 Long Blades
 + Level 2.4 Throwing
 + Level 3.4 Dodging
 + Level 2.6 Stealth
 + Level 2.2 Spellcasting
 + Level 2.7 Hexes


You had 3 spell levels left.
You knew the following spells:

 Your Spells              Type           Power        Failure   Level  Hunger
a - Corona                Hex            #......      10%         1    #......
b - Sure Blade            Hex/Chrm       #.........   24%         2    ###....
c - Slow                  Hex            #.......     14%         2    ###....
x - Ensorcelled Hibernat  Hex/Ice        #.....       24%         2    ###....


Dungeon Overview and Level Annotations

Branches:
Dungeon (5/15)
 Temple: D:4-7

Altars:
Zin


Innate Abilities, Weirdness & Mutations

You reflexively headbutt those who attack you in melee.
You have a pair of horns on your head.


Message History

The blink frog evaporates and reforms as a spiny frog!
The spiny frog stings you!
* * * LOW HITPOINT WARNING * * *
Evoke which item? (* to show all) (? for menu, Esc to quit)
Zapping:
h - a wand of polymorph {zapped: 6}
Press: ? - help, Shift-Dir - straight line, f/p - spiny frog
Aim: a spiny frog The spiny frog resists.
The spiny frog barely misses you.
Evoke which item? (* to show all) (? for menu, Esc to quit)
Zapping:
h - a wand of polymorph {zapped: 7}
Press: ? - help, Shift-Dir - straight line, f/p - spiny frog
Aim: a spiny frog The spiny frog resists.
The spiny frog barely misses you.
Evoke which item? (* to show all) (? for menu, Esc to quit)
Zapping:
h - a wand of polymorph {zapped: 8}
Press: ? - help, Shift-Dir - straight line, f/p - spiny frog
Aim: a spiny frog The spiny frog evaporates and reforms as a fire drake!
The fire drake bites you.
You die...

##### ##...###
##......#
#..ยง....###
#...#.....##
#....##.....##
#.....#.....l@#
#....###...#...###
##... ##..#.....#
#... #####....###
##. #......###
###......#
##.....##########
###...#....#...#
#.............


You could see a fire drake.

Vanquished Creatures
  An ogre (D:4)
  A sky beast (D:5)
  A giant frog (Sewer)
  A scorpion (D:5)
  A hound (D:4)
  An orc wizard (D:2)
  7 adders
  4 giant mites
  An inept item mimic (D:2)
  12 giant geckos
  An ooze (D:3)
  3 orcs (D:2)
  12 giant cockroaches
  6 hobgoblins
  6 jackals (D:1)
  3 quokkas
  2 ball pythons
  14 bats
  15 giant newts
  14 goblins
  13 kobolds
  An orc skeleton (D:4)
  8 rats
128 creatures vanquished.

Notes
Turn   | Place    | Note
--------------------------------------------------------------
     0 | D:1      | Indrah22, the Minotaur Enchanter, began the quest for the Orb.
     0 | D:1      | Reached XP level 1. HP: 14/14 MP: 2/2
     2 | D:1      | Noticed Tiritihi the pandemonium lord
     2 | D:1      | Noticed an iron imp
     9 | D:1      | Noticed an Executioner
    12 | D:1      | Noticed a blue devil
   200 | D:1      | Reached XP level 2. HP: 12/20 MP: 0/2
   296 | D:1      | Learned a level 2 spell: Ensorcelled Hibernation
   855 | D:1      | Reached skill level 1 in Fighting
  1170 | D:1      | Reached XP level 3. HP: 26/28 MP: 1/3
  1353 | D:1      | Noticed a hell beast
  1355 | D:1      | Noticed a sun demon
  1577 | D:2      | Reached XP level 4. HP: 19/36 MP: 0/4
  2469 | D:3      | Noticed a phantom
  2768 | D:3      | Reached XP level 5. HP: 35/41 MP: 4/4
  3627 | D:3      | Reached skill level 3 in Dodging
  4022 | D:3      | Learned a level 2 spell: Sure Blade
  4355 | D:4      | Found a glowing drain.
  4395 | Sewer    | Entered a sewer
  4752 | Sewer    | Reached XP level 6. HP: 40/51 MP: 4/7
  4818 | D:4      | Noticed an ogre
  4874 | D:4      | Learned a level 2 spell: Slow
  5022 | D:4      | Reached skill level 1 in Long Blades
  5155 | D:4      | Killed an ogre
  5155 | D:4      | Reached skill level 4 in Fighting
  5388 | D:4      | Found a glowing silver altar of Zin.
  5503 | D:5      | Entered Level 5 of the Dungeon
  5717 | D:5      | Noticed a water moccasin
  5825 | D:5      | Reached XP level 7. HP: 11/60 MP: 6/8
  6155 | D:5      | Noticed a blink frog
  6155 | D:5      | a water moccasin changed into a blink frog
  6157 | D:5      | Noticed a spiny frog
  6157 | D:5      | a blink frog changed into a spiny frog
  6157 | D:5      | HP: 3/60 [spiny frog (11)]
  6160 | D:5      | Noticed a fire drake
  6160 | D:5      | a spiny frog changed into a fire drake
  6160 | D:5      | Slain by a fire drake

Action                   |  1- 3 |  4- 6 |  7- 9 || total
-------------------------+-------+-------+-------++-------
Melee: Dagger            |    96 |   256 |       ||   352
       Falchion          |       |    45 |     7 ||    52
Throw: Dart              |     4 |    75 |       ||    79
 Cast: Corona            |    21 |    22 |       ||    43
       Ensorcelled Hiber |     2 |     5 |     2 ||     9
       Slow              |       |     6 |     2 ||     8
Evoke: Wand              |       |     1 |     8 ||     9
  Use: Scroll            |     2 |     9 |     2 ||    13
       Potion            |       |     3 |     1 ||     4
 Stab: Sleeping          |     3 |     6 |     1 ||    10
